 Dungeon Crawl Stone Soup version 0.22-a0-292-g0df9d5f (webtiles) character file.

2009 Auros the Skirmisher (level 9, -5/79 HPs)
             Began as a Minotaur Berserker on Mar 23, 2018.
             Was an Elder of Trog.
             Slain by Johno's ghost (17 damage)
             ... on level 7 of the Dungeon.
             The game lasted 00:34:52 (5207 turns).

Auros the Skirmisher (Minotaur Berserker)           Turns: 5207, Time: 00:34:52

Health: -5/79      AC: 11    Str: 22    XL:     9   Next: 2%
Magic:  17/17      EV:  8    Int:  4    God:    Trog [****..]
Gold:   204        SH: 13    Dex: 13    Spells: 8/8 levels left

rFire    . . .     SeeInvis .   e - +2 mace (drain)
rCold    . . .     Gourm    .   O - +3 shield
rNeg     . . .     Faith    .   w - +0 chain mail
rPois    .         Spirit   .   (helmet restricted)
rElec    .         Reflect  .   M - +0 cloak (curse)
rCorr    .         Harm     .   (no gloves)
MR       .....                  (no boots)
Stlth    ..........             (no amulet)
HPRegen  0.23/turn              J - ring of loudness (curse)
MPRegen  0.15/turn              K - ring of magical power

@: berserk cooldown, slowed, very slow
A: retaliatory headbutt, horns 2
a: Berserk, Trog's Hand, Brothers in Arms, Renounce Religion


You were on level 7 of the Dungeon.
You worshipped Trog.
Trog was greatly pleased with you.
You were hungry.

You visited 1 branch of the dungeon, and saw 7 of its levels.

You collected 346 gold pieces.
You spent 142 gold pieces at shops.

Inventory:

Hand Weapons
 e - a +2 mace of draining (weapon)
 h - a +0 hunting sling
 q - a +4 club
 x - a +2 dagger of holy wrath
 I - a +3 trident of venom
Missiles
 u - 125 stones (quivered)
 v - 57 bolts
Armour
 b - a +0 animal skin
 i - a +0 buckler
 l - a +0 ring mail
 w - a +0 chain mail (worn)
 G - a +0 large shield of resistance
 M - a cursed +0 cloak (worn)
 O - a +3 shield (worn)
Jewellery
 J - a cursed ring of loudness (left hand)
 K - a ring of magical power (right hand)
Wands
 H - a wand of random effects (18)
Scrolls
 d - a scroll of magic mapping
 f - 5 scrolls of identify {unknown}
 g - a scroll of enchant weapon
 n - a scroll of random uselessness {unknown}
 o - 3 scrolls of remove curse
 r - a scroll of teleportation
 P - a scroll of fog
Potions
 a - a potion of lignification {unknown}
 k - 2 potions of cancellation {unknown}
 m - 2 potions of flight {unknown}
 p - a potion of invisibility {unknown}
 s - a potion of brilliance {unknown}
 t - a potion of might {unknown}
 B - 4 potions of curing {unknown}
 C - 2 potions of heal wounds {unknown}
 E - a potion of magic {unknown}
 N - 2 potions of mutation {unknown}
Comestibles
 c - 8 rations
 Q - a chunk of flesh


   Skills:
 + Level 7.0 Fighting
 * Level 5.1 Short Blades
 * Level 3.9 Maces & Flails
 - Level 4.5 Polearms
 + Level 6.7 Armour
 + Level 4.1 Dodging
 + Level 1.3 Stealth
 + Level 6.3 Shields


You had 8 spell levels left.
You didn't know any spells.

Dungeon Overview and Level Annotations

Branches:
Dungeon (7/15)             Temple (0/1) D:6

Altars:
Gozag
Kikubaaqudgha
Makhleb
Ru
Wu Jian
Zin

Shops:
D:4 [   D:5 *

Annotations:
D:7 Johno's ghost, novice TrMo


Innate Abilities, Weirdness & Mutations

You reflexively headbutt those who attack you in melee.
You have a pair of horns on your head.


Message History

You headbutt Johno's ghost, but do no damage.
Johno's ghost is almost destroyed.
You block Johno's ghost's attack. x2
You hit Johno's ghost but do no damage.
Johno's ghost is almost destroyed.
Johno's ghost hits you but does no damage.
Johno's ghost whispers, "Trust me.
Just give in."
Johno's ghost closely misses you.
You hit Johno's ghost but do no damage.
Johno's ghost is almost destroyed.
Johno's ghost barely misses you. You furiously retaliate!
You headbutt Johno's ghost, but do no damage.
Johno's ghost closely misses you.
You barely miss Johno's ghost.
Johno's ghost is almost destroyed.
Johno's ghost barely misses you. You block Johno's ghost's attack.
You sock Johno's ghost! Your headbutt misses Johno's ghost.
Johno's ghost is almost destroyed.
Johno's ghost hits you!
You die...

#.. #.# #.#
#.# +.# #.#
###W#
#..@####.####
#....<.......
###.####.####
#.# #.# #.#
P.# ..# ##


You could see Johno's ghost.

Vanquished Creatures
  A hippogriff (D:4)
  An orc warrior (D:6)
  3 sky beasts
  An ice beast (D:5)
  3 ogres
  A phantom (D:5)
  A bullfrog (D:6)
  A scorpion (D:6)
  2 howler monkeys
  A centaur zombie (D:2)
  2 crimson imps
  A bullfrog zombie (D:5)
  A bullfrog skeleton (D:5)
  2 orc priests (D:6)
  4 hounds
  3 orc wizards
  2 iguanas
  Jessica (D:2)
  Natasha (D:2)
  A worker ant (D:3)
  A hound zombie (D:6)
  A hound skeleton (D:5)
  2 worker ant zombies
  Robin (D:3)
  5 adders
  An ooze (D:5)
  2 worms
  3 dart slugs
  8 leopard geckos
  25 orcs
  6 bats
  4 bat zombies (D:3)
  6 giant cockroaches
  12 goblins
  9 hobgoblins
  15 jackals
  8 kobolds
  A quokka (D:3)
  A ball python (D:6)
  A ball python skeleton (D:4)
  8 frilled lizards
  A quokka zombie (D:5)
  5 rats
159 creatures vanquished.

Notes
Turn   | Place    | Note
-------+----------+-------------------------------------------
     0 | D:1      | Auros the Minotaur Berserker began the quest for the Orb.
     0 | D:1      | Reached XP level 1. HP: 19/19 MP: 0/0
    85 | D:1      | Reached skill level 4 in Fighting
    85 | D:1      | Reached XP level 2. HP: 20/27 MP: 1/1
   660 | D:2      | Reached ** piety under Trog
   663 | D:2      | Noticed Jessica
   672 | D:2      | Killed Jessica
   672 | D:2      | Reached XP level 3. HP: 3/34 MP: 2/2
  1183 | D:2      | Reached skill level 1 in Maces & Flails
  1183 | D:2      | Reached XP level 4. HP: 32/41 MP: 3/3
  1429 | D:2      | Noticed Natasha
  1436 | D:2      | Killed Natasha
  1748 | D:2      | Reached XP level 5. HP: 42/47 MP: 4/4
  2440 | D:3      | Found an ancient bone altar of Kikubaaqudgha.
  2562 | D:3      | Noticed Robin
  2572 | D:3      | Reached *** piety under Trog
  2572 | D:3      | Reached skill level 5 in Fighting
  2584 | D:3      | Killed Robin
  2669 | D:3      | Found a burning altar of Makhleb.
  2669 | D:3      | Found an ornate altar of the Wu Jian Council.
  2670 | D:3      | Reached skill level 1 in Shields
  2867 | D:3      | Reached XP level 6. HP: 53/56 MP: 5/5
  3114 | D:4      | Reached skill level 1 in Short Blades
  3244 | D:4      | Found Opixta's Antique Armour Shoppe.
  3253 | D:4      | Bought a glowing large shield for 142 gold pieces
  3376 | D:4      | Noticed a hippogriff
  3380 | D:4      | Killed a hippogriff
  3380 | D:4      | Reached skill level 1 in Stealth
  3380 | D:4      | Reached XP level 7. HP: 61/61 MP: 6/6
  3558 | D:4      | Found a sacrificial altar of Ru.
  3765 | D:4      | Found an opulent altar of Gozag.
  3861 | D:5      | Entered Level 5 of the Dungeon
  3911 | D:5      | Reached **** piety under Trog
  3937 | D:5      | Reached skill level 5 in Armour
  3982 | D:5      | Reached skill level 6 in Fighting
  4024 | D:5      | Reached XP level 8. HP: 70/70 MP: 7/7
  4141 | D:5      | Found Zin's Purification Station.
  4143 | D:5      | Found a glowing silver altar of Zin.
  4634 | D:6      | Reached skill level 5 in Shields
  4809 | D:6      | Found a staircase to the Ecumenical Temple.
  4845 | D:6      | Reached skill level 7 in Fighting
  4894 | D:6      | Reached skill level 5 in Short Blades
  5033 | D:6      | Reached XP level 9. HP: 68/79 MP: 8/8
  5185 | D:7      | Noticed Johno's ghost (novice TrMo)
  5207 | D:7      | Slain by Johno's ghost

Vault maps used:
D:1:      saegor_arrival_under_anarchy
D:2:      grunt_decor_resistance, uniq_jessica, uniq_natasha
D:3:      lemuel_zombie_altar_kikubaaqudgha, amethyst_overflow_temple_binary,
          uniq_robin
D:4:      kennysheep_little_box, serial_shops, shop, first_ration,
          nicolae_ru_great_annihilating_truth
D:5:      zin_purify, minmay_misc_feat_room
D:6:      temple_doors_e
D:7:      corexii_shantytown, kennysheep_mini

Skill      XL: |  1  2  3  4  5  6  7  8 |
---------------+-------------------------+-----
Fighting       | 4 5 6 7 |  7.0
Polearms       | 4 |  4.5
Maces & Flails | 1 2 3 |  3.9
Armour         | 3 4 5 6 |  6.7
Dodging        | 3 4 |  4.1
Shields        | 1 4 6 |  6.3
Short Blades   | 2 3 5 |  5.1
Stealth        | 1 |  1.3

Action                   |  1- 3 |  4- 6 |  7- 9 || total
-------------------------+-------+-------+-------++-------
Melee: Dagger            |    35 |     3 |       ||    38
       Spear             |    25 |       |       ||    25
       Headbutt          |     8 |    20 |    54 ||    82
       Club              |     9 |   129 |    29 ||   167
       Trident           |       |       |   186 ||   186
       Morningstar       |       |       |    11 ||    11
       Mace              |       |       |    19 ||    19
Invok: Berserk           |       |     4 |     2 ||     6
  Use: Scroll            |     2 |       |     4 ||     6
 Stab: Paralysed         |       |       |     1 ||     1
  Eat: Chunk             |     1 |     9 |     9 ||    19
Armor: Animal skin       |     2 |       |       ||     2
       Ring mail         |     7 |    17 |       ||    24
       Chain mail        |       |    45 |    82 ||   127
Dodge: Dodged            |    41 |    71 |    54 ||   166
Block: Buckler           |     2 |    17 |       ||    19
       Large shield      |       |     3 |    87 ||    90
       Shield            |       |       |    69 ||    69

Table legend:
 A = Spawn XP
 B = Non-spawn XP
 C = Spawn XP percentage of total XP
 D = Spawn monster count
 E = Non-spawn monster count
 F = Spawn count percentage of total count
 G = Total turns spent on level
                    A         B        C        D         E        F      G
               +---------+---------+-------+---------+---------+-------+---------
         Total |       0 |    2871 |   0.0 |       0 |     159 |   0.0 |  5207
               +---------+---------+-------+---------+---------+-------+---------
           D:1 |       0 |      36 |   0.0 |       0 |      23 |   0.0 |   655
           D:2 |       0 |     185 |   0.0 |       0 |      17 |   0.0 |  1337
           D:3 |       0 |     162 |   0.0 |       0 |      39 |   0.0 |  1072
           D:4 |       0 |     565 |   0.0 |       0 |      25 |   0.0 |   797
           D:5 |       0 |     807 |   0.0 |       0 |      21 |   0.0 |   688
           D:6 |       0 |    1116 |   0.0 |       0 |      34 |   0.0 |   635
               +---------+---------+-------+---------+---------+-------+---------
